AoeStats
← DonJuan14

Arena

507909689Analyzed
4v4 RM · 13d ago on Sep 20, 2026· 55m 41s· 8 players
Game mode
Random Map
Map size
Large (8 player)
Population
200
Speed
Normal
Resources
Standard
Victory
Conquest
Starting age
Dark Age
Ending age
Imperial Age
RankedLock teamsTeams togetherTeam positionsShared explorationLock speedFull tech treeHidden civsTurbo modeCheats
Victory
Defeat
🇨🇳 Persians · China
1052
+12
🇺🇸 Spanish · United States
1028
+13
🇻🇳 Mongols · Vietnam
973
+15
🇩🇰 Teutons · Denmark
971
+15
🇷🇴 Bulgarians · Romania
1066
-19
🇩🇪 Goths · Germany
928
-28
🇩🇪 Teutons · Germany
926
-12
🇫🇷 Celts · France
887
-11
CelticNYC
0:42 Loom
13:34 Feudal Age
14:09 Double-Bit Axe
16:03 Horse Collar
19:33 Castle Age
19:17 Forging
19:17 Scale Barding Armor
22:36 Wheelbarrow
23:09 Fervor
23:24 Loom
25:28 Fletching
26:14 Bodkin Arrow
27:16 Ballistics
28:03 Caravan
31:53 Imperial Age
30:49 Murder Holes
31:05 Fortified Wall
31:35 Iron Casting
31:21 Chain Barding Armor
32:06 Bloodlines
31:58 Husbandry
32:41 Bracer
33:07 Conscription
32:45 Cavalier
35:16 Blast Furnace
35:24 Chemistry
36:51 Blast Furnace
38:07 Plate Barding Armor
38:42 Hand Cart
38:36 Town Watch
39:15 Paladin
49:33 Scale Mail Armor
50:45 Man-at-Arms
51:10 Gambesons
51:27 Squires
53:24 Heavy Plow
52:48 Long Swordsman
53:14 Arson
Đại Việt 2026
2:17 Loom
12:01 Feudal Age
16:57 Castle Age
16:09 Double-Bit Axe
16:06 Horse Collar
18:32 Bow Saw
27:51 Heavy Plow
29:48 Murder Holes
30:14 Ballistics
33:44 Imperial Age
32:56 Bloodlines
33:58 Wheelbarrow
36:19 Chemistry
37:31 Gold Mining
38:33 Elite Mangudai
40:38 Fletching
40:58 Forging
42:58 Iron Casting
42:18 Bodkin Arrow
42:50 Padded Archer Armor
42:47 Elite Steppe Lancer
45:09 Bracer
46:10 Blast Furnace
48:32 Capped Ram
50:35 Siege Ram
53:17 Pikeman
sellack
11:16 Feudal Age
18:20 Castle Age
17:40 Double-Bit Axe
30:14 Wheelbarrow
33:00 Squires
35:00 Gambesons
36:20 Masonry
36:35 Horse Collar
37:31 Town Watch
37:32 Loom
38:01 Pikeman
38:57 Elite Skirmisher
39:11 Man-at-Arms
40:19 Forging
40:11 Scale Mail Armor
41:13 Heavy Plow
41:31 Hand Cart
41:28 Bow Saw
45:29 Imperial Age
43:34 Caravan
45:15 Town Patrol
46:01 Ironclad
47:54 Crop Rotation
48:25 Two-Man Saw
48:28 Chemistry
48:04 Redemption
50:19 Conscription
50:21 Crenellations
50:32 Gold Mining
50:32 Stone Mining
51:59 Padded Archer Armor
52:04 Scale Barding Armor
52:13 Fortified Wall
51:50 Arrowslits
52:29 Ballistics
53:00 Heated Shot
53:03 Guard Tower
53:35 Fervor
54:14 Hoardings
55:09 Stone Shaft Mining
55:28 Iron Casting
55:09 Chain Mail Armor
55:14 Chain Barding Armor
54:44 Fletching
55:10 Leather Archer Armor
55:02 Siege Engineers
55:34 Keep
56:02 Illumination
55:38 Heavy Scorpion
55:39 Capped Ram
王哪跑
10:20 Feudal Age
14:25 Castle Age
12:49 Double-Bit Axe
13:18 Horse Collar
22:07 Heavy Plow
23:07 Bow Saw
25:35 Wheelbarrow
25:37 Gold Mining
25:39 Stone Mining
28:35 Imperial Age
27:09 Stone Shaft Mining
27:11 Gold Shaft Mining
27:01 Hand Cart
29:17 Forging
29:13 Scale Barding Armor
31:34 Two-Man Saw
31:06 Crop Rotation
31:14 Iron Casting
30:59 Elite War Elephant
31:50 Citadels
32:00 Citadels
33:10 Caravan
33:40 Coinage
33:21 Guilds
34:58 Blast Furnace
34:20 Chain Barding Armor
35:43 Chemistry
35:04 Ballistics
35:18 Murder Holes
DonJuan14
1:18 Loom
14:07 Feudal Age
14:32 Horse Collar
14:49 Double-Bit Axe
16:37 Man-at-Arms
22:52 Castle Age
24:40 Heavy Plow
24:55 Bow Saw
24:41 Gold Mining
25:18 Long Swordsman
35:14 Wheelbarrow
34:25 Town Watch
39:15 Imperial Age
37:04 Hand Cart
36:49 Town Patrol
36:57 Stone Mining
39:39 Two-Handed Swordsman
40:18 Capped Ram
40:50 Champion
43:44 Elite Huskarl
51:41 Onager
MKO82
0:29 Loom
13:17 Feudal Age
14:50 Wheelbarrow
13:58 Horse Collar
14:05 Double-Bit Axe
22:09 Castle Age
20:29 Stone Mining
20:31 Gold Mining
20:32 Arson
20:51 Man-at-Arms
21:45 Forging
21:36 Scale Mail Armor
22:21 Padded Archer Armor
22:12 Fletching
22:55 Heavy Plow
23:07 Bow Saw
26:51 Gambesons
26:52 Pikeman
28:11 Town Watch
29:15 Hand Cart
30:50 Squires
30:11 Long Swordsman
34:59 Imperial Age
32:30 Town Patrol
33:21 Chain Mail Armor
33:42 Iron Casting
33:02 Bodkin Arrow
33:36 Leather Archer Armor
33:30 Caravan
33:13 Elite Skirmisher
34:41 Ballistics
34:11 Heated Shot
35:30 Masonry
35:00 Halberdier
36:53 Chemistry
37:03 Two-Man Saw
36:51 Crop Rotation
37:25 Fortified Wall
38:01 Onager
39:32 Plate Mail Armor
40:03 Blast Furnace
40:40 Bombard Tower
41:02 Ironclad
43:16 Siege Engineers
43:45 Ring Archer Armor
Azazel
11:09 Feudal Age
10:59 Loom
15:32 Castle Age
14:35 Stone Mining
18:40 Scale Barding Armor
29:06 Double-Bit Axe
29:05 Horse Collar
32:29 Wheelbarrow
38:09 Bow Saw
Obonor
10:00 Loom
11:46 Feudal Age
13:26 Double-Bit Axe
13:34 Horse Collar
17:22 Castle Age
20:50 Heavy Plow
21:05 Bow Saw
21:13 Pikeman
22:37 Wheelbarrow
22:04 Stone Mining
22:07 Gold Mining
22:39 Town Watch
24:30 Gold Shaft Mining
30:57 Imperial Age
28:08 Pikeman
31:35 Scale Mail Armor
31:46 Forging
31:36 Capped Ram
31:41 Halberdier
32:40 Chain Mail Armor
35:16 Siege Ram
36:12 Siege Engineers
36:43 Hand Cart
38:30 Conscription
38:39 Conscription
41:47 Plate Mail Armor
41:52 Iron Casting
41:08 Fletching
41:49 Furor Celtica
42:04 Onager
44:47 Blast Furnace
43:43 Bodkin Arrow
44:28 Stone Shaft Mining
44:05 Siege Onager
47:39 Chemistry
47:30 Stronghold
48:47 Heavy Scorpion
Connection lost

Rejoining the realm…

Still unreachable

The connection could not be restored.

Session expired

The server has moved on; the page needs a fresh start.